 Dungeon Crawl Stone Soup version 0.21-a0-531-gacddea6 (webtiles) character file.

207 Amnesiac the Chucker (level 5, -7/54 HPs)
             Began as an Ogre Arcane Marksman on Dec 12, 2017.
             Was an Initiate of Okawaru.
             Mangled by a scorpion (9 damage)
             ... on level 4 of the Dungeon.
             The game lasted 00:08:19 (3821 turns).

Amnesiac the Chucker (Ogre Arcane Marksman)         Turns: 3821, Time: 00:08:21

Health: -7/54      AC:  4    Str: 14    XL:     5   Next: 85%
Magic:  6/8        EV: 15    Int: 14    God:    Okawaru [......]
Gold:   101        SH:  0    Dex: 15    Spells: 2/8 levels left

rFire    . . .     SeeInvis .   E - +2 quarterstaff (chaos)
rCold    . . .     Gourm    .   (shield currently unavailable)
rNeg     . . .     Faith    .   m - +0 robe
rPois    .         Spirit   .   (helmet restricted)
rElec    .         Reflect  .   C - +0 cloak
rCorr    .         Harm     .   (gloves unavailable)
MR       .....                  (boots unavailable)
Stlth    ++........             (no amulet)
HPRegen  0.18/turn              s - ring of flight
MPRegen  0.11/turn              (no ring)

@: agile, lethally poisoned (-7 -> -22)
A: large, unfitting armour, tough skin 1
a: Renounce Religion, Evoke Flight


You were on level 4 of the Dungeon.
You worshipped Okawaru.
Okawaru was noncommittal.
You were hungry.

You visited 1 branch of the dungeon, and saw 4 of its levels.

You collected 101 gold pieces.

Inventory:

Hand Weapons
 a - a +0 hunting sling
 b - a +0 blowgun
 x - a +1 short sword
 E - a +2 quarterstaff of chaos (weapon)
 F - a +3 dagger of holy wrath
Missiles
 c - 3 large rocks (quivered)
 d - 2 throwing nets
 h - 73 stones
 o - 29 poisoned needles
 q - 52 sling bullets
 v - 3 tomahawks
Armour
 m - a +0 robe (worn)
 C - a +0 cloak (worn)
Jewellery
 s - a ring of flight (left hand)
Wands
 y - a wand of scattershot (4)
Scrolls
 e - 2 scrolls of amnesia {!r}
 i - a scroll of identify {!r}
 n - a scroll of magic mapping {!r}
 r - a scroll of fog {!r}
 t - 2 scrolls of remove curse {!r, unknown}
 u - a scroll of enchant armour {!r, unknown}
 B - a scroll of noise {!r, unknown}
Potions
 j - 2 potions of agility {!q}
 z - 2 potions of curing {!q, unknown}
 A - a potion of might {!q, unknown}
 D - a potion of mutation {!q}
Books
 p - a book of Power

   Spells                             Type                      Level
   a - Iskenderun's Battlesphere      Conjuration/Charms           5
   b - Venom Bolt                     Conjuration/Poison           5
   c - Bolt of Magma                  Conjuration/Fire/Earth       5
   d - Iron Shot                      Conjuration/Earth            6
   e - Orb of Destruction             Conjuration                  7
   f - Spellforged Servitor           Conjuration/Summoning        7
 w - a book of Debilitation

   Spells                             Type                      Level
   a - Corona                         Hexes                        1
   b - Slow                           Hexes                        2
   c - Inner Flame                    Hexes/Fire                   3
   d - Portal Projectile              Hexes/Translocation          3
   e - Cause Fear                     Hexes                        4
   f - Leda's Liquefaction            Hexes/Earth                  4
Comestibles
 f - 5 bread rations
 k - 6 fruits
 l - a meat ration


   Skills:
 + Level 3.9 Fighting
 * Level 4.6 Throwing
 - Level 1.7 Dodging
 - Level 2.0 Spellcasting
 - Level 3.0 Hexes


You had 2 spell levels left.
You knew the following spells:

 Your Spells              Type           Power        Failure   Level  Hunger
a - Corona                Hex            #......      7%          1    ##.....
b - Portal Projectile     Hex/Tloc       #.....       36%         3    ####...
e - Slow                  Hex            #.......     11%         2    ###....


Dungeon Overview and Level Annotations

Branches:
Dungeon (4/15)
 Temple: D:4-7

Altars:
Okawaru
Ru
Wu Jian
Xom


Innate Abilities, Weirdness & Mutations

You are too large for most types of armour.
You have tough skin. (AC +1)


Message History

You feel sick.
You feel sick.
The scorpion stops glowing.
You feel sick.
You feel sick.
You feel sick.
You feel sick.
Found 6 stones.
You feel sick.
You feel sick.
You feel sick.
You feel sick.
Your magical contamination has completely faded away.
You feel sick.
You feel sick.
You feel sick.
You feel sick.
All of the chunks of flesh in your inventory have rotted away.
You feel sick.
You feel sick.
You see here 3 sling bullets.
You feel sick.
There is a stone staircase leading up here.
You feel sick.
You feel sick.
You feel sick.
Found a scale mail.
Found a cloak.
You feel sick.
Found an escape hatch in the ceiling.
You feel sick.
You see here a cloak.
You feel sick.
You are no longer poisoned.
Okay, then.
Really read
i - 2 scrolls labeled OQUAMNU SEORR {!r}?
As you read the scroll labeled OQUAMNU SEORR {!r}, it crumbles to dust.
It is a scroll of identify.
D - a potion of mutation {!q}
Okay, then.
Casting: Slow
Confirm with . or Enter, or press ? or * to list all spells.
Okay, then.
Wield which item (- for none, * to show all)? (? for menu, Esc to quit)
Your +2 quarterstaff of chaos is briefly surrounded by a scintillating aura of random colours.
E - a +2 quarterstaff of chaos (weapon)
The scorpion stings you but does no damage.
Put on which piece of jewellery? (? for menu, Esc to quit)
Okay, then.
You hit the scorpion but do no damage. The scorpion completely misses you.
You hit the scorpion but do no damage.
The scorpion flickers and vanishes!
Deactivating autopickup; reactivate with Ctrl-A.
Something stings you.
* * * LOW HITPOINT WARNING * * *
You are poisoned.
Something poisons you! Something stings you.
* * * LOW HITPOINT WARNING * * *
You are more poisoned.
Something poisons you!
Really quaff
j - 3 blue potions {!q}?
It was a potion of agility {!q}.
You feel agile all of a sudden.
* * * LOW HITPOINT WARNING * * *
You feel sick. Something stings you!
You die...

#.# #.# #.#
#.# ##.# #.[#
##[#.<....
####s###.....
#@#.## #####
##{## ###


There were no monsters in sight!

Vanquished Creatures
  An orc wizard (D:3)
  Crazy Yiuf (D:3)
  An iguana (D:3)
  2 gnolls (D:2)
  2 adders
  An ooze (D:2)
  4 worms
  A dart slug (D:1)
  A leopard gecko (D:3)
  9 orcs (D:3)
  2 ball pythons
  11 bats
  6 giant cockroaches
  7 hobgoblins
  2 jackals (D:1)
  2 quokkas
  2 frilled lizards
  5 goblins
  4 kobolds
  7 rats
71 creatures vanquished.

Notes
Turn   | Place    | Note
-------+----------+-------------------------------------------
     0 | D:1      | Amnesiac the Ogre Arcane Marksman began the quest for the Orb.
     0 | D:1      | Reached XP level 1. HP: 19/19 MP: 2/2
   249 | D:1      | Reached XP level 2. HP: 10/28 MP: 2/4
   418 | D:1      | Learned a level 2 spell: Slow
  1150 | D:2      | Reached XP level 3. HP: 24/35 MP: 3/5
  1446 | D:2      | Learned a level 3 spell: Portal Projectile
  1601 | D:2      | Found a faded altar of an unknown god.
  1678 | D:2      | Reached skill level 3 in Throwing
  1877 | D:2      | Reached XP level 4. HP: 37/44 MP: 5/7
  2513 | D:3      | Found an iron altar of Okawaru.
  2515 | D:3      | Found a sacrificial altar of Ru.
  2515 | D:3      | Found a shimmering altar of Xom.
  2518 | D:3      | Became a worshipper of Warmaster Okawaru
  2642 | D:3      | Reached XP level 5. HP: 35/53 MP: 5/8
  2952 | D:3      | Reached skill level 4 in Throwing
  3010 | D:3      | Found an ornate altar of the Wu Jian Council.
  3466 | D:3      | Found a runed door.
  3498 | D:3      | Noticed Crazy Yiuf
  3537 | D:3      | Killed Crazy Yiuf
  3821 | D:4      | HP: 2/54 [poisoned by a scorpion]
  3821 | D:4      | Mangled by a scorpion

Vault maps used:
D:1:      dpeg_arrival_prison, minmay_misc_feat_tiny
D:2:      chequers_ecumenical_altar_simple_redux
D:3:      nicolae_overflow_crystal_walls, minitemple, uniq_crazy_yiuf_cottage
D:4:      nicolae_gozag_seed_capital, first_bread, minmay_hedge_maze,
          amethyst_killhole, uniq_eustachio, uniq_blork_the_orc

Skill      XL: |  1  2  3  4  5 |
---------------+----------------+-----
Fighting       | 2 3 |  3.9
Hexes          | 3 |  3.0
Spellcasting   | 2 |  2.0
Throwing       | 3 4 |  4.6
Dodging        | |  1.7

Action                   |  1- 3 |  4- 6 || total
-------------------------+-------+-------++-------
Melee: Unarmed           |   114 |       ||   114
       Short sword       |    52 |    38 ||    90
       Quarterstaff      |       |     2 ||     2
 Fire: Hunting sling     |       |   117 ||   117
Throw: Stone             |    38 |    10 ||    48
       Large rock        |     3 |     3 ||     6
       Throwing net      |       |     1 ||     1
 Cast: Corona            |    38 |    39 ||    77
       Slow              |     5 |    14 ||    19
  Use: Scroll            |       |     6 ||     6
       Potion            |       |     1 ||     1
 Stab: Sleeping          |     1 |       ||     1
  Eat: Chunk             |     4 |     8 ||    12
Armor: Robe              |    84 |    17 ||   101
Dodge: Dodged            |   121 |    32 ||   153

Table legend:
 A = Spawn XP
 B = Non-spawn XP
 C = Spawn XP percentage of total XP
 D = Spawn monster count
 E = Non-spawn monster count
 F = Spawn count percentage of total count
 G = Total turns spent on level
                    A         B        C        D         E        F      G
               +---------+---------+-------+---------+---------+-------+---------
         Total |       0 |     296 |   0.0 |       0 |      71 |   0.0 |  3821
               +---------+---------+-------+---------+---------+-------+---------
           D:1 |       0 |      28 |   0.0 |       0 |      16 |   0.0 |  1331
           D:2 |       0 |      80 |   0.0 |       0 |      22 |   0.0 |  1103
           D:3 |       0 |     188 |   0.0 |       0 |      33 |   0.0 |  1324
               +---------+---------+-------+---------+---------+-------+---------
